 Dungeon Crawl Stone Soup version 0.29.1-2-gbd0b4ee654 (webtiles) character file.

Game seed: 962016853394620521

326 zeram the Chopper (level 6, -1/56 HPs)
             Began as a Hill Orc Fighter on Nov 13, 2022.
             Slain by Edmund
             ... wielding a +7 dire flail of protection
              (17 damage)
             ... on level 5 of the Dungeon.
             The game lasted 00:04:45 (3349 turns).

zeram the Chopper (Hill Orc Fighter)                Turns: 3349, Time: 00:04:46

Health: -1/56      AC: 10    Str: 21    XL:     6   Next: 49%
Magic:  6/6        EV:  9    Int:  8    God:
Gold:   371        SH:  4    Dex: 10    Spells: 5/5 levels left

rFire   . . .      SeeInvis .   j - +1 war axe (vamp)
rCold   . . .      Faith    .   c - +0 buckler
rNeg    . . .      Spirit   .   b - +0 scale mail
rPois   .          Reflect  .   (no helmet)
rElec   .          Harm     .   (no cloak)
rCorr   .          Rampage  .   r - +0 pair of gloves
Will    .....                   q - +1 pair of boots
Stlth   ..........              (no amulet)
HPRegen 0.18/turn               (no ring)
MPRegen 0.10/turn               (no ring)

@: no status effects
A: no striking features
a: no special abilities


You were on level 5 of the Dungeon.
You visited 1 branch of the dungeon, and saw 5 of its levels.

You collected 371 gold pieces.

Inventory:

Hand Weapons
 a - a +0 war axe
 i - a +1 mace of holy wrath
 j - a +1 vampiric war axe (weapon)
Armour
 b - a +0 scale mail (worn)
 c - a +0 buckler (worn)
 q - a +1 pair of boots (worn)
 r - a +0 pair of gloves (worn)
Wands
 d - a wand of mindburst (9)
 e - a wand of quicksilver (4)
Scrolls
 l - a scroll of teleportation
Potions
 f - a potion of brilliance {unknown}
 g - 2 potions of curing
 h - a potion of cancellation
 k - a potion of degeneration
 m - a potion of invisibility
 o - 3 potions of magic


   Skills:
 + Level 5.0 Fighting
 + Level 6.3 Axes
 + Level 4.6 Armour
 + Level 0.4 Dodging
 + Level 3.8 Shields


You had 5 spell levels left.
You didn't know any spells.
Your spell library contained the following spells:

 Spells                   Type           Power      Damage    Failure   Level
 Blink                    Tloc           0%         N/A       92%         2
 Lesser Beckoning         Tloc           0%         N/A       99%         3
 Manifold Assault         Tloc           0%         N/A       100%        5


Dungeon Overview and Level Annotations

Branches:
Dungeon (5/15)
 Temple: D:4-7

Altars:
Okawaru
Sif Muna
Wu Jian

Annotations:
D:5 Edmund


Message History

The adder is severely wounded.
The adder bites you. Edmund barely misses you.
You hit the adder but do no damage.
The adder is severely wounded.
You hit Edmund. The adder bites you but does no damage.
Edmund hits you with a +7 dire flail of protection.
The adder closely misses you.
You hit the adder.
You feel better.
You kill the adder!
You hit Edmund but do no damage.
You flicker back into view.
You block Edmund's attack.
You closely miss Edmund.
Edmund is moderately wounded.
Edmund hits you with a +7 dire flail of protection.
You hit Edmund.
You feel better.
Edmund is moderately wounded.
Edmund hits you with a +7 dire flail of protection!
Edmund says, "What use are spells, anyway?"
Edmund hits you with a +7 dire flail of protection!
You are too injured to fight recklessly!
You are too injured to fight recklessly!
You are too injured to fight recklessly!
You are too injured to fight recklessly!
You are too injured to fight recklessly!
Unknown command.
You hit Edmund.
You feel better.
Edmund is heavily wounded.
Edmund hits you with a +7 dire flail of protection!
You barely miss Edmund.
Edmund is heavily wounded.
You block Edmund's attack.
You slash Edmund!
Edmund is severely wounded.
Edmund hits you with a +7 dire flail of protection.
* * * LOW HITPOINT WARNING * * *
You closely miss Edmund.
Edmund is severely wounded.
Edmund hits you with a +7 dire flail of protection!
You die...

.....#. ......# # #
......###.# #.
....?.....
..#.##..#....
........> #!?@.#.#
#.#@.#.# .#
#....#.# #.#
##...#.###..# .#
#.........# #..
##...##...# .. #.
##.......## .#
#...##....#...###.#
#...........##..#
#####...##.....#


You could see Edmund.

Vanquished Creatures
  A necrophage (D:4)
  A hound (D:5)
  An orc priest (D:4)
  An orc wizard (D:4)
  2 iguanas
  6 adders
  A gnoll (D:1)
  2 worms
  A dart slug (D:3)
  6 orcs (D:4)
  3 bats
  6 endoplasms
  7 hobgoblins
  7 quokkas
  6 ball pythons
  2 frilled lizards (D:3)
  A goblin (D:1)
  3 kobolds
  3 rats
60 creatures vanquished.

Notes
Turn   | Place    | Note
-------+----------+-------------------------------------------
     0 | D:1      | zeram the Hill Orc Fighter began the quest for the Orb.
     0 | D:1      | Reached XP level 1. HP: 19/19 MP: 1/1
   233 | D:1      | Reached XP level 2. HP: 27/27 MP: 2/2
   382 | D:1      | Found a faded altar of an unknown god.
   879 | D:2      | Reached XP level 3. HP: 33/33 MP: 3/3
   984 | D:2      | Reached skill level 3 in Axes
  1023 | D:2      | Found an iron altar of Okawaru.
  1728 | D:3      | Reached XP level 4. HP: 41/41 MP: 4/4
  2005 | D:3      | Reached skill level 4 in Axes
  2838 | D:4      | Noticed a necrophage
  2845 | D:4      | Reached XP level 5. HP: 39/47 MP: 5/5
  2847 | D:4      | Reached skill level 5 in Axes
  2932 | D:4      | Reached XP level 6. HP: 48/53 MP: 6/6
  3001 | D:4      | Found an ornate altar of the Wu Jian Council.
  3001 | D:4      | Found a shimmering blue altar of Sif Muna.
  3009 | D:4      | Reached skill level 6 in Axes
  3129 | D:4      | Identified a scroll of acquirement
  3129 | D:4      | Acquired a +1 vampiric war axe
  3142 | D:5      | Entered Level 5 of the Dungeon
  3227 | D:5      | Reached skill level 5 in Fighting
  3330 | D:5      | Noticed Edmund
  3349 | D:5      | Slain by Edmund

Illustrated notes

Levels and vault maps discovered:
D:1:      amcnicky_arrival_wind_blow, layout_rooms,
          shapermc_ecumenical_altar_venn
D:2:      layout_basic, basic_altar, minmay_door_square, minmay_tall_x
D:3:      layout_loops_ring
D:4:      layout_rooms, gammafunk_temple_overflow_pools
D:5:      layout_rooms, minmay_temple_entry_drinking_statues, uniq_edmund

Skill      XL: |  1  2  3  4  5  6 |
---------------+-------------------+-----
Fighting       | 4 5 |  5.0
Axes           | 3 4 5 6 |  6.3
Armour         | 4 |  4.6
Dodging        | |  0.4
Shields        | |  3.8

Action                   |  1- 3 |  4- 6 || total
-------------------------+-------+-------++-------
Melee: War axe           |    73 |   104 ||   177
  Use: Scroll            |     4 |     5 ||     9
       Potion            |       |     2 ||     2
Armor: Scale mail        |    37 |    44 ||    81
Dodge: Dodged            |    36 |    49 ||    85
Block: Buckler           |    12 |    15 ||    27
